 Dungeon Crawl Stone Soup version 0.23.1 (webtiles) character file.

Game seed: 360371924496191752

73 Peloso the Skirmisher (level 4, 0/41 HPs)
             Began as a Minotaur Fighter on Mar 14, 2019.
             Killed from afar by Sigmund (3 damage)
             ... with a puff of flame
             ... on level 3 of the Dungeon.
             The game lasted 00:03:10 (1381 turns).

Peloso the Skirmisher (Minotaur Fighter)            Turns: 1381, Time: 00:03:11

Health: 0/41       AC: 11    Str: 20    XL:     4   Next: 8%
Magic:  3/3        EV:  4    Int:  5    God:
Gold:   67         SH:  9    Dex: 11    Spells: 3/3 levels left

rFire    x . .     SeeInvis .   a - +0 long sword
rCold    + . .     Gourm    .   c - +0 shield
rNeg     . . .     Faith    .   h - +0 plate armour
rPois    .         Spirit   .   (helmet restricted)
rElec    .         Reflect  .   (no cloak)
rCorr    .         Harm     .   (no gloves)
MR       .....     Rnd*Tele +   (no boots)
Stlth    ..........             (no amulet)
HPRegen  0.13/turn              k - ring of teleportation (curse)
MPRegen  0.08/turn              l - ring of ice

@: lethally poisoned (0 -> -10)
A: retaliatory headbutt, horns 2
a: no special abilities


You were on level 3 of the Dungeon.
You were hungry.

You visited 1 branch of the dungeon, and saw 3 of its levels.

You collected 67 gold pieces.

Inventory:

Hand Weapons
 a - a +0 long sword (weapon)
Armour
 b - a +0 scale mail
 c - a +0 shield (worn)
 h - a +0 plate armour (worn)
Jewellery
 k - a cursed ring of teleportation (left hand)
 l - a ring of ice (right hand)
Scrolls
 e - 2 scrolls of amnesia
 g - a scroll of remove curse {unknown}
Potions
 d - 2 potions of might
 i - a potion of magic
 m - a potion of flight {unknown}
 n - a potion of lignification {unknown}
 o - a potion of heal wounds {unknown}
Comestibles
 f - 3 rations


   Skills:
 + Level 4.6 Fighting
 + Level 2.6 Long Blades
 + Level 4.3 Armour
 + Level 4.5 Shields


You had 3 spell levels left.
You didn't know any spells.
Your spell library was empty.

Dungeon Overview and Level Annotations

Branches:
Dungeon (3/15)

Altars:
The Shining One

Annotations:
D:3 Sigmund


Innate Abilities, Weirdness & Mutations

You reflexively headbutt those who attack you in melee.
You have a pair of horns on your head.


Message History

* * * LOW HITPOINT WARNING * * *
You feel very sick. You block the kobold's attack.
Sigmund mumbles some strange words.
Sigmund flickers and vanishes!
Deactivating autopickup; reactivate with Ctrl-A.
The kobold barely misses you.
You riposte.
You closely miss the kobold.
You feel better. Something hits you!
* * * LOW HITPOINT WARNING * * *
You are lethally poisoned!
You block the kobold's attack.
Unknown command.
You miss something.
* * * LOW HITPOINT WARNING * * *
You feel sick. The kobold barely misses you.
You riposte.
You closely miss the kobold.
You hear some strange, mumbled words.
A puff of flame appears from out of thin air!
The puff of flame hits you. The fire burns you terribly!
You die...

##.### #.####.#.#.†#....
.... #......#<.......#
####.#########..#...##...#
+....##..............#...#
#.....†.........##.<.###...
#...............#..#.# #.#
#.......##+##......#.# .#
#.......##(##.###.##.#
+.......'..@K.......>.
#.......##{##.###....#
##########.##....# #.. #.#
##... .. ..............##
..............#
...........@<.#
.............##
...............


You could see a kobold.

Vanquished Creatures
  2 adders (D:2)
  An ooze (D:1)
  A worm (D:2)
  3 dart slugs
  2 leopard geckos
  2 ball pythons (D:2)
  8 bats
  6 hobgoblins
  3 jackals (D:1)
  2 frilled lizards
  3 goblins
  2 kobolds (D:2)
  7 rats
42 creatures vanquished.

Notes
Turn   | Place    | Note
-------+----------+-------------------------------------------
     0 | D:1      | Peloso the Minotaur Fighter began the quest for the Orb.
     0 | D:1      | Reached XP level 1. HP: 19/19 MP: 0/0
   291 | D:1      | Reached XP level 2. HP: 24/27 MP: 1/1
   503 | D:1      | Reached XP level 3. HP: 34/34 MP: 2/2
  1004 | D:2      | Found a glowing golden altar of the Shining One.
  1082 | D:2      | Reached XP level 4. HP: 41/41 MP: 3/3
  1359 | D:3      | Noticed Sigmund
  1381 | D:3      | Killed from afar by Sigmund

Skill      XL: |  1  2 |
---------------+-------+-----
Armour         | 4 |  4.3
Fighting       | 4 |  4.6
Shields        | 4 |  4.5
Long Blades    | |  2.6

Action                   |  1- 3 |  4- 6 || total
-------------------------+-------+-------++-------
Melee: Long sword        |   127 |    17 ||   144
       Headbutt          |    19 |     2 ||    21
  Use: Scroll            |       |     4 ||     4
       Potion            |       |     1 ||     1
  Eat: Chunk             |       |     1 ||     1
Armor: Plate armour      |   108 |     7 ||   115
       Scale mail        |     7 |       ||     7
Dodge: Dodged            |    18 |     5 ||    23
Block: Shield            |    76 |    10 ||    86
       Rpst.: Long sword |     3 |     3 ||     6
